AoeStats
← Alerius

Arabia

510438265Analyzed
1v1 RM · 2d ago on Oct 1, 2026· 38m 6s· 2 players
Game mode
Random Map
Map size
Tiny (2 player)
Population
200
Speed
Normal
Resources
Standard
Victory
Conquest
Starting age
Dark Age
Ending age
Imperial Age
RankedLock teamsTeams togetherTeam positionsShared explorationLock speedFull tech treeHidden civsTurbo modeCheats
Victory
Defeat
🇦🇷 Maya · Argentina
1096
+15
🇺🇸 Italians · United States
1071
-38
Alerius
6:53 Loom
9:58 Feudal Age
11:00 Double-Bit Axe
10:57 Horse Collar
19:08 Castle Age
18:03 Fletching
19:59 Bow Saw
20:42 Bodkin Arrow
21:15 Elite Skirmisher
22:45 Heavy Plow
28:30 Ballistics
29:08 Stone Mining
biper
0:27 Loom
9:40 Feudal Age
10:24 Double-Bit Axe
14:14 Fletching
15:08 Gold Mining
17:20 Wheelbarrow
21:13 Castle Age
20:46 Stone Mining
21:21 Crossbowman
21:58 Bodkin Arrow
22:51 Stone Shaft Mining
22:31 Padded Archer Armor
23:34 Ballistics
25:55 Bow Saw
34:03 Imperial Age
33:25 Hand Cart
36:01 Sanctity
35:58 Block Printing
36:54 Bracer
Connection lost

Rejoining the realm…

Still unreachable

The connection could not be restored.

Session expired

The server has moved on; the page needs a fresh start.